Map: Catalyst LE

Players

fruitcake - Winner!

  • Race: Terran Terran
  • Spawn Location: 5:00

A.I. 1 (Hard)

  • Race: Zerg Zerg
  • Spawn Location: 11:00

VOD

Have the link to the VOD?

Description

Time

  • Played on: May 5, 2018, 12:57 p.m.
  • Length: 8:34
Show
View Real Time Build Order
Export as new Build Order

fruitcake Terran - Winner!

Build Orders:  

Get SALT Encoding   

  12  0:01  SCV  
  13  0:13  Supply Depot  
  13  0:18  SCV  
  14  0:30  SCV  
  14  0:33  Refinery  
  15  0:42  Barracks  
  15  0:46  SCV  
  16  0:58  SCV  
  17  1:10  SCV  
  18  1:21  Barracks  
  18  1:22  SCV  
  19  1:29  Marine  
  20  1:34  Supply Depot  
  20  1:35  SCV  
  20  1:38  Supply Depot  
  21  1:46  Marine  
  22  1:47  SCV  
  23  1:59  SCV  
  24  2:04  Marine  
  24  2:06  Engineering Bay  
  25  2:12  Barracks Tech Lab  
  25  2:26  Barracks Reactor  
  25  2:35  Command Center  
  25  2:46  Marauder  
  25  2:50  Stimpack  
  28  3:06  Orbital Command  
  28  3:07  Marine  
  28  3:11  Marine  
  28  3:12  Marine  
  30  3:25  Marine  
  30  3:26  Refinery  
  31  3:29  Marine  
  31  3:32  Supply Depot  
  31  3:33  Marine  
  33  3:43  Marauder  
  35  3:52  Marine x2  
  37  4:02  Terran Infantry Weapons Level 1  
  37  4:04  Marine  
  38  4:10  Marine x2, Supply Depot  
  38  4:15  SCV  
  41  4:18  SCV  
  41  4:22  Marauder  
  44  4:27  SCV, Marine  
  46  4:32  Marine  
  47  4:39  SCV  
  47  4:44  Marauder  
  47  4:45  Marine  
  50  4:49  Marine  
  50  4:51  SCV  
  53  4:56  Barracks  
  53  5:01  Concussive Shells  
  53  5:03  Marine  
  53  5:05  Marauder  
  56  5:07  SCV, Marine  
  56  5:09  SCV  
  59  5:19  SCV  
  59  5:21  Marine  
  60  5:25  Marine  
  60  5:26  Marine  
  60  5:28  SCV  
  64  5:33  Supply Depot  
  64  5:39  Marine  
  65  5:43  Marine  
  65  5:44  Marine  
  65  5:45  Marine  
  68  5:56  Marine  
  68  6:01  Marine  
  68  6:02  Marauder  
  68  6:03  Marine  
  73  6:05  Terran Infantry Armor Level 1  
  73  6:14  Marine  
  74  6:19  Marine  
  74  6:21  Marine  
  74  6:23  Marauder  
  63  6:32  Marine  
  64  6:36  Marine  
  64  6:39  Marine  
  66  6:45  Marauder  
  66  6:50  Marine  
  67  6:54  Marine  
  67  6:57  Marine  
  67  7:06  Marauder  
  67  7:08  Marine  
  70  7:12  Marine  
  70  7:14  Marine  
  68  7:26  Marine  
  68  7:28  Marauder  
  70  7:30  Marine  
  70  7:32  Marine  
  72  7:43  Marine  
  69  7:48  Marine  
  69  7:49  Marauder  
  69  7:50  Marine  
  67  8:01  Marine  
  66  8:05  Marine  
  66  8:08  Marine  
  66  8:10  Marine  
  71  8:28  Supply Depot  
  71  8:30  Supply Depot  
Show
View Real Time Build Order
Export as new Build Order

A.I. 1 (Hard) Zerg 

Build Orders: Pool First 

Get SALT Encoding   

  12  0:01  Drone  
  13  0:12  Overlord  
  13  0:16  Drone  
  14  0:31  Drone  
  14  0:32  Drone  
  16  0:42  Spawning Pool  
  16  0:45  Drone  
  16  0:50  Drone  
  16  0:54  Extractor  
  16  0:56  Drone  
  17  1:06  Overlord  
  17  1:31  Zergling x2  
  17  1:32  Queen  
  20  1:33  Zergling x2  
  20  1:38  Drone  
  20  1:39  Roach Warren  
  21  1:42  Extractor  
  20  1:49  Drone  
  21  1:55  Baneling Nest  
  21  2:00  Drone  
  21  2:11  Drone  
  22  2:21  Zergling x2  
  23  2:32  Drone  
  24  2:38  Baneling, Overlord  
  24  2:39  Zergling x2, Baneling  
  24  2:41  Zergling x2  
  24  2:43  Baneling  
  27  2:44  Zergling x2  
  27  2:55  Drone  
  29  3:05  Zergling x2  
  29  3:11  Zergling x2, Overlord  
  30  3:13  Zergling x2  
  30  3:17  Zergling x2  
  30  3:19  Baneling x2  
  32  3:28  Zergling x2  
  32  3:30  Baneling  
  33  3:38  Zergling x2  
  33  3:40  Evolution Chamber  
  33  3:42  Drone  
  33  3:44  Drone  
  33  3:45  Drone  
  36  3:50  Drone  
  37  4:01  Drone  
  38  4:12  Drone  
  38  4:14  Overlord  
  38  4:15  Drone  
  40  4:39  Lair  
  40  4:41  Evolution Chamber  
  39  4:49  Drone  
  40  5:00  Metabolic Boost  
  40  5:07  Zerg Melee Weapons Level 1  
  37  5:16  Zerg Ground Armor Level 1  
  37  5:39  Spire  
  37  5:40  Drone  
  37  6:07  Spore Crawler  
  37  6:08  Drone  
  37  6:14  Spore Crawler  
  37  6:15  Drone  
  37  6:21  Roach  
  37  6:25  Roach  
  35  6:28  Zergling x2  
  35  6:29  Queen  
  35  6:32  Zergling x2  
  34  6:36  Roach  
  36  6:42  Zergling x2  
  36  6:47  Drone  
  32  6:48  Zergling x2, Drone  
  32  6:50  Hatchery, Drone  
  32  6:52  Drone  
  21  6:55  Baneling Nest  
  21  6:59  Mutalisk  
  16  7:09  Mutalisk  
Tags
 
Add a new tag
Caveats
  • Supply blocks, unpowered buildings, or Contaminate may cause inaccurate times.
  • Supply counts are checked every 10 seconds.